 Dungeon Crawl Stone Soup version 0.21-a0-142-gdd972a7 (webtiles) character file.

33 drasked the Skirmisher (level 3, -2/33 HPs)
             Began as a Hill Orc Fighter on July 22, 2017.
             Killed from afar by Sigmund (6 damage)
             ... with a puff of flame
             ... on level 2 of the Dungeon.
             The game lasted 00:01:28 (936 turns).

drasked the Skirmisher (Hill Orc Fighter)            Turns: 936, Time: 00:01:29

Health: -2/33      AC:  6    Str: 19    XL:     3   Next: 29%
Magic:  3/3        EV:  7    Int:  8    God:
Gold:   51         SH:  9    Dex: 10    Spells: 2/2 levels left

rFire    . . .     SeeInvis .   a - +0 flail
rCold    . . .     Gourm    .   c - +0 shield
rNeg     . . .     Faith    .   b - +0 scale mail
rPois    .         Spirit   .   (no helmet)
rElec    .         Reflect  .   (no cloak)
rCorr    .         Harm     .   (no gloves)
MR       .....                  (no boots)
Stlth    ..........             (no amulet)
HPRegen  0.11/turn              (no ring)
MPRegen  0.08/turn              (no ring)

@: no status effects
A: no striking features
a: no special abilities


You were on level 2 of the Dungeon.
You were not hungry.

You visited 1 branch of the dungeon, and saw 2 of its levels.

You collected 51 gold pieces.

Inventory:

Hand Weapons
 a - a +0 flail (weapon)
Armour
 b - a +0 scale mail (worn)
 c - a +0 shield (worn)
Wands
 o - a wand of polymorph (9/24)
   (You found it on level 2 of the Dungeon)
Scrolls
 e - 2 scrolls of identify {unknown}
 g - a scroll of fog {unknown}
 h - a scroll of fear {unknown}
 i - 2 scrolls of remove curse {unknown}
 l - a scroll of recharging {unknown}
 m - a scroll of teleportation {unknown}
Potions
 d - a potion of might
 n - a potion of haste {unknown}
Comestibles
 f - 3 bread rations {@e1}
 j - 3 meat rations {@e2}
 k - a fruit


   Skills:
 + Level 3.9 Fighting
 * Level 3.1 Maces & Flails
 + Level 3.4 Armour
 + Level 3.6 Shields


You had 2 spell levels left.
You didn't know any spells.

Dungeon Overview and Level Annotations

Branches:
Dungeon (2/15)

Altars:

Annotations:
D:2 Sigmund


Message History

The goblin hits you with an uncursed club.
You take 3 damage, and have 30/33 hp.
You sock the goblin!
You kill the goblin!
No target in view!
No target in view!
Things that are here:
an uncursed club; an uncursed hunting sling; 10 stones You see here a stone.
You see here a stone.
You see here a stone.
You see here a stone.
You now have 44 gold pieces (gained 11).
You see here a stone.
You see here a stone.
You see here a stone.
A hobgoblin comes into view. It is wielding a club.
The hobgoblin shouts!
A hobgoblin is nearby!
A hobgoblin is nearby!
A hobgoblin is nearby!
A kobold comes into view. It is wielding a club.
The kobold shouts!
Health restored: 33 The kobold hits you but does no damage.
You thump the kobold!
You kill the kobold!
The hobgoblin hits you but does no damage.
You hit the hobgoblin but do no damage. The hobgoblin hits you with a club.
You take 2 damage, and have 31/33 hp.
You sock the hobgoblin!
You kill the hobgoblin!
No target in view!
No target in view!
Things that are here:
a club; a kobold corpse You now have 51 gold pieces (gained 7). 2 jackals and Sigmund come into view.
The jackal barks!
The jackal moves out of view.
Sigmund moves out of view.
Health restored: 33 You block the jackal's attack.
You barely miss the jackal.
The jackal bites you but does no damage.
You block the jackal's attack.
You sock the jackal!
You kill the jackal!
You block the jackal's attack.
You hit the jackal. You block the jackal's attack.
The jackal bites you but does no damage.
You hit the jackal.
You kill the jackal!
Sigmund screams, "I am the angel of ZOT!!!"
Sigmund hits you with a scythe.
You see here a jackal corpse.
You take 3 damage, and have 30/33 hp.
You closely miss Sigmund.
Sigmund flickers, as though insubstantial.
Sigmund barely misses you.
Your shield prevents you from hitting Sigmund.
Sigmund barely misses you.
You closely miss Sigmund. Sigmund gestures at you while chanting.
The magic dart hits you!
You take 2 damage, and have 28/33 hp.
Your shield and scale mail prevent you from hitting Sigmund.
You block Sigmund's attack.
You hit Sigmund. Sigmund barely misses you.
You hit Sigmund but do no damage. You closely miss Sigmund.
Sigmund giggles. "Time to reap what you sow."
Sigmund hits you but does no damage.
You barely miss Sigmund. Sigmund hits you but does no damage.
You hit Sigmund.
Sigmund points at you and mumbles some strange words.
The puff of flame hits you!
You take 11 damage, and have 18/33 hp.
MASSIVE DAMAGE!!
You hit Sigmund. Sigmund hits you but does no damage.
You closely miss Sigmund. Sigmund gestures at you while chanting.
You are confused.
Your shield prevents you from hitting Sigmund.
Sigmund closely misses you.
You closely miss Sigmund. Sigmund hits you with a scythe!
* * * LOW HITPOINT WARNING * * *
You take 10 damage, and have 9/33 hp.
MASSIVE DAMAGE!!
You bump into the rock wall.
Sigmund mumbles some strange words.
Sigmund flickers and vanishes!
Deactivating autopickup; reactivate with Ctrl-A.
You bump into the rock wall.
Something hits you.
* * * LOW HITPOINT WARNING * * *
You take 5 damage, and have 4/33 hp.
You feel less confused.
You hear some strange, mumbled words.
A puff of flame appears from out of thin air!
The puff of flame hits you!
You die...

........)........#
.......)..........
.#########.###.##
#.........#
#.#####...########
#.# #.#.........
#.# #[##########
###†### #.#
#.{@..# #.#
...........##.#
.......?......#
#.#.#.........#
##### .
#.#.....##.##
#.... . .##.#.# .#
#.### . #. .)#.# #
#.# .. ###.# #.#
######(###


There were no monsters in sight!

Vanquished Creatures
  A leopard gecko (D:1)
  5 goblins
  7 hobgoblins
  2 jackals (D:2)
  5 kobolds
  3 bats (D:1)
  4 rats (D:1)
27 creatures vanquished.

Notes
Turn   | Place    | Note
-------+----------+-------------------------------------------
     0 | D:1      | drasked the Hill Orc Fighter began the quest for the Orb.
     0 | D:1      | Reached XP level 1. HP: 19/19 MP: 1/1
   165 | D:1      | Reached XP level 2. HP: 27/27 MP: 2/2
   621 | D:1      | Reached skill level 3 in Maces & Flails
   621 | D:1      | Reached XP level 3. HP: 33/33 MP: 3/3
   912 | D:2      | Noticed Sigmund
   934 | D:2      | HP: 4/33 [something (5)]
   936 | D:2      | Killed from afar by Sigmund

Vault maps used:
D:1:      onia_arrival_pyramid
D:2:      first_bread, uniq_jessica, uniq_sigmund

Skill      XL: |  1  2 |
---------------+-------+-----
Maces & Flails | 3 |  3.1
Fighting       | |  3.9
Armour         | |  3.4
Shields        | |  3.6

Action                   || total
-------------------------++-------
Melee: Flail             ||    95
Armor: Scale mail        ||    33
Dodge: Dodged            ||    17
Block: Shield            ||    44

Vault maps used:
D:1:      onia_arrival_pyramid
D:2:      first_bread, uniq_jessica, uniq_sigmund

Table legend:
 A = Turns spent in this place as a percentage of turns spent in the entire game.
 B = Non-inter-level travel turns spent in this place as a percentage of non-inter-level travel turns spent in the entire game.
 C = Inter-level travel turns spent in this place as a percentage of turns spent in this place.
 D = Turns resting spent in this place as a percentage of non-inter-level travel turns spent in this place.
 E = Turns spent auto-exploring this place as a percentage of non-inter-level travel turns spent in this place.
 F = Non-inter-level travel turns spent in this place divided by the number of levels of this place that you've seen.
                   A       B       C       D       E      F
               +-------+-------+-------+-------+-------+----------------------
         Total | 100.0 | 100.0 |   0.3 |   0.5 |  12.1 | 182.0
       Dungeon | 100.0 | 100.0 |   0.3 |   0.5 |  12.1 | 182.0
               +-------+-------+-------+-------+-------+----------------------

Table legend:
 A = Kills in this place as a percentage of kills in entire the game.
 B = Kills by you in this place as a percentage of kills by you in the entire game.
 C = Kills by friends in this place as a percentage of kills by friends in the entire game.
 D = Other kills in this place as a percentage of other kills in the entire game.
 E = Experience gained in this place as a percentage of experience gained in the entire game.
 F = Experience gained in this place divided by the number of levels of this place that you have seen.
                   A       B       C       D       E      F
               +-------+-------+-------+-------+-------+----------------------
         Total | 100.0 | 100.0 |  -nan |  -nan | 100.0 |  24.0
       Dungeon | 100.0 | 100.0 |  -nan |  -nan | 100.0 |  24.0
               +-------+-------+-------+-------+-------+----------------------
